Map: Ночной сумрак РВ

Players

MаXGrig

  • Race: Terran Terran
  • League: Diamond
  • Spawn Location: 5:00

ИИ 1 (эксперт) - Winner!

  • Race: Terran Terran
  • Spawn Location: 11:00

VOD

Have the link to the VOD?

Description

Time

  • Played on: Feb. 29, 2020, 12:48 a.m.
  • Length: 5:11
Show
View Real Time Build Order
Export as new Build Order

MаXGrig Terran 

Build Orders: Liberator Opening, Reaper Expand 

Get SALT Encoding   

  12  0:00  SCV  
  13  0:12  SCV  
  14  0:17  Supply Depot  
  14  0:25  SCV  
  15  0:38  SCV  
  15  0:39  Barracks  
  16  0:45  Refinery  
  16  0:50  SCV  
  17  1:02  SCV  
  18  1:14  SCV  
  19  1:26  Orbital Command  
  19  1:29  Reaper  
  20  1:40  Command Center  
  20  1:52  SCV  
  20  1:53  Supply Depot  
  21  2:01  Marine  
  21  2:04  SCV  
  23  2:08  Factory  
  23  2:16  SCV  
  23  2:17  Refinery  
  24  2:24  Barracks Reactor  
  24  2:28  SCV  
  25  2:35  Bunker  
  25  2:40  SCV  
  26  2:51  Orbital Command  
  26  2:53  SCV  
  26  2:54  Starport  
  27  3:05  SCV  
  28  3:06  Hellion x2  
  28  3:08  Barracks Tech Lab  
  32  3:18  SCV x2  
  34  3:26  Supply Depot  
  34  3:29  Hellion x2  
  34  3:30  SCV  
  39  3:34  Medivac  
  41  3:41  SCV  
  41  3:42  SCV  
  43  3:49  Supply Depot  
  43  3:53  SCV  
  43  3:54  SCV  
  45  3:56  Marine x2  
  45  4:00  Cyclone  
  50  4:05  SCV, Liberator  
  54  4:11  SCV  
  54  4:12  Supply Depot  
  54  4:16  Supply Depot  
  55  4:17  Marine x2  
  55  4:18  SCV  
  55  4:23  SCV  
  59  4:30  SCV  
  60  4:34  Siege Tank  
  60  4:35  SCV, Marine x2  
  66  4:38  Supply Depot  
  66  4:43  SCV  
  67  4:47  SCV  
  68  4:55  SCV  
Show
View Real Time Build Order
Export as new Build Order

ИИ 1 (эксперт) Terran - Winner!

Build Orders:  

Get SALT Encoding   

  12  0:00  SCV  
  13  0:13  SCV  
  14  0:18  Supply Depot  
  14  0:25  SCV  
  15  0:29  Refinery  
  15  0:40  SCV  
  16  0:47  Barracks  
  16  0:52  SCV  
  17  1:04  SCV  
  18  1:07  Supply Depot  
  18  1:16  SCV  
  19  1:28  SCV  
  20  1:35  Marine  
  20  1:37  Factory  
  21  1:42  SCV, Barracks  
  22  1:53  Marine  
  23  1:54  SCV  
  23  1:59  Supply Depot  
  24  2:06  SCV  
  25  2:10  Marine  
  26  2:19  SCV  
  27  2:23  Factory Tech Lab  
  27  2:28  Marine  
  28  2:31  SCV  
  28  2:32  Marine  
  30  2:43  SCV  
  31  2:44  Siege Tank  
  34  3:01  SCV  
  34  3:02  Command Center  
  35  3:15  Refinery, Orbital Command  
  35  3:33  Factory, Marine  
  36  3:36  Marine  
  36  3:40  SCV  
  37  3:52  SCV  
  38  4:04  SCV  
  38  4:06  Supply Depot  
  39  4:13  SCV  
  39  4:16  SCV, Factory Tech Lab  
  41  4:22  Siege Tank  
  44  4:26  SCV  
  44  4:28  SCV  
  46  4:35  Siege Tank  
  46  4:38  SCV, Marine  
  50  4:39  Supply Depot  
  50  4:41  SCV  
  52  4:48  Supply Depot  
  52  4:50  SCV  
  52  4:53  SCV  
  46  5:08  Barracks Tech Lab  
Tags
 
Add a new tag
Caveats
  • Supply blocks, unpowered buildings, or Contaminate may cause inaccurate times.
  • Supply counts are checked every 10 seconds.